 Dungeon Crawl Stone Soup version 0.25-a0-668-gea548f19b6 (webtiles) character file.

Game seed: 7124912803409475191, levelgen mode: deterministic

1550585 magipi the Fetichist (level 27, 173/173 HPs)
             Began as a Vampire Hunter on Mar 24, 2020.
             Was an Initiate of Gozag.
             Escaped with the Orb
             ... and 3 runes on Mar 28, 2020!
             The game lasted 05:46:01 (86945 turns).

magipi the Fetichist (Vampire Hunter)              Turns: 86945, Time: 05:46:02

Health: 173/173    AC: 35    Str: 20    XL:     27
Magic:  37/37      EV: 18    Int: 18    God:    Gozag
Gold:   5257       SH: 14    Dex: 20    Spells: 43/46 levels left

rFire    + + +     SeeInvis +   L - +4 demon trident (freeze)
rCold    + + .     Gourm    .   E - +0 kite shield {rF+}
rNeg     + + +     Faith    .   q - +7 storm dragon scales
rPois    ∞         Spirit   .   n - +0 mask of the Dragon {MR+ Slay+3 SInv}
rElec    +         Reflect  .   G - +4 dragonskin cloak
rCorr    +         Harm     .   B - +0 pair of gloves of Fun {+Inv Int+2 Slay+2} (curse)
MR       +++..                  O - +2 pair of boots {run}
Stlth    +.........             r - amulet "Seah Xoq" {rF+ Regen+ Int-2 Dex+6}
HPRegen  0.78/turn              o - ring of Lamnonirgh {rCorr Dex+2}
MPRegen  0.25/turn              s - +3 ring of slaying

@: very slightly contaminated, bloodless, bribing [the Dungeon], quick
A: no food, fangs 3, see invisible, clumsy 1, deterioration 1, fire resistance
1, unbreathing
0: Orb of Zot
}: 3/15 runes: barnacled, silver, gossamer
a: Bat Form, Revivify, Potion Petition, Call Merchant, Bribe Branch, Renounce
Religion, Evoke Invisibility


You escaped.
You worshipped Gozag.
Gozag was greatly pleased with you.
You were bloodless.

You visited 9 branches of the dungeon, and saw 49 of its levels.
You also visited: Ice Cave.

You collected 33808 gold pieces.
You spent 11034 gold pieces at shops.
You paid 17517 gold pieces to Gozag.

Inventory:

Hand Weapons
 a - a +9 vampiric demon trident
   (You bought it in a shop on level 2 of the Orcish Mines)
 b - the +5 demon whip "Spellbinder" {antimagic, MR+}
   (You found it on level 1 of the Lair of Beasts)

   It reduces the magical energy of the wielder, and disrupts the spells and
   magical abilities of those hit.
   Natural abilities and divine invocations are not affected.
   It affects your resistance to hostile enchantments.
 L - a +4 demon trident of freezing (weapon)
   (You took it off a merfolk impaler on level 4 of the Shoals)
Missiles
 g - 3 silver javelins
 K - 2 curare-tipped darts
 Q - 21 throwing nets
 Z - 49 javelins (quivered)
Armour
 n - the +0 mask of the Dragon (worn) {MR+ Slay+3 SInv}
   (You bought it in a shop on level 4 of the Depths)

   It affects your accuracy and damage with ranged weapons and melee attacks
   (+3).
   It affects your resistance to hostile enchantments.
   It lets you see invisible.
 q - +7 storm dragon scales (worn)
   (You found it on level 3 of the Elven Halls)
 B - the cursed +0 pair of gloves of Fun (worn) {+Inv Int+2 Slay+2}
   (You bought it in a shop on level 4 of the Depths)

   It affects your intelligence (+2).
   It affects your accuracy and damage with ranged weapons and melee attacks
   (+2).
   It lets you turn invisible.
   It has a curse placed upon it.
 E - a +0 kite shield of fire resistance (worn)
   (You bought it in a shop on level 10 of the Dungeon)
 G - the +4 dragonskin cloak (worn)
   (You took it off Tiamat on level 4 of the Realm of Zot)
 O - a +2 pair of boots of running (worn)
   (You found it on level 3 of the Elven Halls)
Jewellery
 o - the ring of Lamnonirgh (left hand) {rCorr Dex+2}
   (You found it on level 5 of the Vaults)

   [ring of resist corrosion]

   It affects your dexterity (+2).
   It provides partial protection from all sources of acid and corrosion.
 r - the amulet "Seah Xoq" (around neck) {rF+ Regen+ Int-2 Dex+6}
   (You bought it in a shop on level 10 of the Dungeon)

   [amulet of regeneration]

   It affects your intelligence (-2).
   It affects your dexterity (+6).
   It protects you from fire.
   It increases your rate of regeneration.
 s - a +3 ring of slaying (right hand)
   (You found it on level 3 of the Shoals)
Wands
 d - a wand of digging (3)
   (You found it on level 2 of the Elven Halls)
 l - a wand of clouds (7)
   (You bought it in a shop on level 1 of the Vaults)
 M - a wand of iceblast (47)
   (You found it on level 4 of the Spider Nest)
 N - a wand of enslavement (23)
   (You found it on level 1 of the Lair of Beasts)
 T - a wand of paralysis (23)
   (You found it on level 3 of the Lair of Beasts)
 V - a wand of acid (11)
   (You found it on level 2 of the Elven Halls)
Scrolls
 c - 16 scrolls of immolation
 f - 3 scrolls of fog
 i - 2 scrolls of summoning
 j - 28 scrolls of identify
 p - 39 scrolls of remove curse
 v - 4 scrolls of fear
 A - 2 scrolls of magic mapping
 P - 6 scrolls of blinking
 S - a scroll of silence
 X - 28 scrolls of teleportation
Potions
 h - 4 potions of heal wounds
 k - 17 potions of curing
 m - 2 potions of cancellation
 t - 10 potions of mutation
 w - 5 potions of haste
 x - 4 potions of might
 z - 6 potions of resistance
 C - 9 potions of stabbing
 H - 5 potions of ambrosia
 U - 4 potions of magic
 W - 3 potions of invisibility
 Y - a potion of berserk rage
Miscellaneous
 u - a box of beasts
 y - a phial of floods
   (You found it on level 3 of the Elven Halls)
 D - 3 phantom mirrors
 F - a sack of spiders
 J - a fan of gales
   (You found it on level 10 of the Dungeon)


   Skills:
 - Level 18.0 Fighting
 - Level 11.1 Maces & Flails
 - Level 14.0 Polearms
 - Level 16.0 Throwing
 + Level 16.2 Armour
 + Level 14.4 Dodging
 - Level 1.5 Stealth
 - Level 15.0 Shields
 - Level 10.0 Spellcasting
   Level 5.1 Necromancy
 - Level 10.0 Translocations
 - Level 19.0 Evocations


You had 43 spell levels left.
You knew the following spells:

 Your Spells              Type           Power        Failure   Level  Hunger
a - Apportation           Tloc           #####.       1%          1    N/A
b - Blink                 Tloc           N/A          1%          2    N/A

Your spell library contained the following spells:

 Spells                   Type           Power        Failure   Level  Hunger
 Gell's Gravitas          Tloc           #####.....   1%          3    N/A
 Lesser Beckoning         Tloc           #####.....   1%          3    N/A
 Teleport Other           Tloc           #####...     1%          3    N/A
 Animate Skeleton         Necr           N/A          4%          1    N/A
 Shroud of Golubria       Chrm/Tloc      ####..       8%          2    N/A
 Sublimation of Blood     Necr           ####......   8%          2    N/A
 Portal Projectile        Hex/Tloc       ####..       16%         3    N/A
 Recall                   Summ/Tloc      N/A          16%         3    N/A
 Corona                   Hex            #......      36%         1    N/A
 Foxfire                  Conj/Fire      #...         36%         1    N/A
 Infusion                 Chrm           #...         36%         1    N/A
 Magic Dart               Conj           #...         36%         1    N/A
 Sandblast                Erth           #.....       36%         1    N/A
 Sting                    Tmut/Pois      #...         36%         1    N/A
 Summon Butterflies       Summ           #.......     36%         1    N/A
 Summon Small Mammal      Summ           #...         36%         1    N/A
 Call Imp                 Summ           #.......     52%         2    N/A
 Ensorcelled Hibernation  Hex/Ice        #.....       52%         2    N/A
 Passwall                 Tmut/Erth      #.......     52%         2    N/A
 Poisonous Vapours        Pois/Air       #.....       52%         2    N/A
 Slow                     Hex            #.......     52%         2    N/A
 Song of Slaying          Chrm           #.......     52%         2    N/A
 Swiftness                Chrm/Air       #.......     52%         2    N/A
 Dispersal                Tloc           #####.....   69%         6    N/A
 Call Canine Familiar     Summ           #.......     75%         3    N/A
 Confusing Touch          Hex            #.......     75%         3    N/A
 Conjure Flame            Conj/Fire      #.......     75%         3    N/A
 Dazzling Flash           Conj/Hex       #.....       75%         3    N/A
 Ignite Poison            Fire/Tmut/Pois #.......     75%         3    N/A
 Inner Flame              Hex/Fire       #.......     75%         3    N/A
 Mephitic Cloud           Conj/Pois/Air  #.......     75%         3    N/A
 Ozocubu's Armour         Chrm/Ice       #.......     75%         3    N/A
 Spectral Weapon          Hex/Chrm       #.......     75%         3    N/A
 Stone Arrow              Conj/Erth      #.....       75%         3    N/A
 Summon Guardian Golem    Hex/Summ       #.......     75%         3    N/A
 Tukima's Dance           Hex            #.......     75%         3    N/A
 Summon Forest            Summ/Tloc      ####......   80%         5    N/A
 Airstrike                Air            #.........   98%         4    N/A
 Cause Fear               Hex            #.........   98%         4    N/A
 Hailstorm                Conj/Ice       #.......     98%         4    N/A
 Ice Form                 Ice/Tmut       #.......     98%         4    N/A
 Leda's Liquefaction      Hex/Erth       #.........   98%         4    N/A
 Olgreb's Toxic Radiance  Pois           #.......     98%         4    N/A
 Petrify                  Tmut/Erth      #.......     98%         4    N/A
 Summon Ice Beast         Ice/Summ       #.......     98%         4    N/A
 Summon Lightning Spire   Summ/Air       #.......     98%         4    N/A
 Borgnjor's Vile Clutch   Necr/Erth      ###.......   98%         5    N/A
 Alistair's Intoxication  Tmut/Pois      #.......     100%        5    N/A
 Aura of Abjuration       Summ           #.........   100%        5    N/A
 Blade Hands              Tmut           #.........   100%        5    N/A
 Irradiate                Conj/Tmut      #.........   100%        5    N/A
 Lee's Rapid Deconstruct  Erth           #.........   100%        5    N/A
 Metabolic Englaciation   Hex/Ice        #.........   100%        5    N/A
 Silence                  Hex/Air        #.........   100%        5    N/A
 Summon Demon             Summ           #.........   100%        5    N/A
 Summon Mana Viper        Hex/Summ       #.......     100%        5    N/A
 Yara's Violent Unravell  Hex/Tmut       #.........   100%        5    N/A
 Darkness                 Hex            #.........   100%        6    N/A
 Deflect Missiles         Chrm/Air       #.........   100%        6    N/A
 Eringya's Noxious Bog    Tmut/Pois      #.........   100%        6    N/A
 Freezing Cloud           Conj/Ice/Air   #.........   100%        6    N/A
 Invisibility             Hex            #.......     100%        6    N/A
 Shadow Creatures         Summ           N/A          100%        6    N/A
 Statue Form              Tmut/Erth      #........    100%        6    N/A
 Dragon Form              Tmut           #.........   100%        7    N/A
 Ring of Flames           Chrm/Fire      #.........   100%        7    N/A
 Controlled Blink         Tloc           N/A          100%        8    N/A
 Discord                  Hex            #.........   100%        8    N/A
 Disjunction              Tloc           #####.....   100%        8    N/A
 Dragon's Call            Summ           #.........   100%        9    N/A
 Passage of Golubria      Tloc           Unusable     N/A         4    N/A

Dungeon Overview and Level Annotations

Branches:
Dungeon (15/15)            Temple (0/1) D:6            Lair (6/6) D:9
 Shoals (4/4) Lair:4       Spider (4/4) Lair:4        Slime (0/5) Lair:5
    Orc (2/2) D:10            Elf (3/3) Orc:2        Vaults (5/5) D:13
  Crypt (0/3) Vaults:2     Depths (5/5) D:15            Zot (5/5) Depths:5
  IceCv (visited)

Altars:
Cheibriados
Elyvilon
Fedhas
Gozag
Hepliaklqana
Makhleb
Okawaru
Ru
Trog
Uskayaw
Vehumet
Xom

Shops:
D:10 *?*=   D:15 :   Orc:2 (*%=   Elf:1 *   Elf:2 !   Shoals:3 *:*((
Vaults:1 }   Vaults:3 *   Zot:1 *   Depths:4 [[

Portals:
Hell: Depths:1 Depths:2 Depths:3 Depths:4 Depths:5
Abyss: Depths:4
Pandemonium: Depths:1 Depths:2 Depths:5
Ziggurat: Depths:4

Annotations:
D:12 1 runed translucent door, Hyefig's ghost, journeyman DDFi
Lair:1 exclusion: oklob plant
Lair:5 1 runed translucent door, exclusion: oklob plant, Ezab's ghost, journeyman MiFi
Lair:6 hell
Elf:2 1 exclusion


Innate Abilities, Weirdness & Mutations

You do not eat.
You do not regenerate when monsters are visible.
You are frail without blood (-20% HP).
You can heal yourself when you bite living creatures.
You are immune to poison.
You have razor-sharp teeth.
You have supernaturally acute eyesight. (SInv)
You can survive without breathing.
You are clumsy. (Dex -2)
Your body sometimes deteriorates upon taking damage.
Your flesh is heat resistant. (rF+)


Message History

(D) Dungeon (T) Temple (L) Lair (A) Shoals (N) Spider Nest (M) Slime Pits (O) Orcish Mines (E) Elven Halls (V) Vaults (C) Crypt (U) Depths (H) Hell (Z) Zot
Where to? (Enter - D:1 @ (x,y), ? - help)
Okay, then.
Evoke which item? (* to show all) (? for menu, Esc to quit)
Aiming: Dig
Press: ? - help, Shift-Dir - straight line A rock wall.
This square is covered in magical glow.
The rock shatters into small pieces.
(D) Dungeon (T) Temple (L) Lair (A) Shoals (N) Spider Nest (M) Slime Pits (O) Orcish Mines (E) Elven Halls (V) Vaults (C) Crypt (U) Depths (H) Hell (Z) Zot
Where to? (Enter - D:1 @ (x,y), ? - help)
There is a large open door here.
There is a large open door here.
There is a stone staircase leading up here.
You climb upwards.
There is a stone staircase leading down here.
There is a stone staircase leading up here.
You climb upwards.
There is a stone staircase leading down here.
A tormentor comes into view.
Okay, then.
You fail to use your ability.
You fade into invisibility!
You are very lightly contaminated with residual magic.
The ynoxinul stares, then turns away, jangling a coin purse.
A ynoxinul comes into view.
You flicker for a moment.
There is a stone staircase leading up here.
You climb upwards.
There is a stone staircase leading down here.
(D) Dungeon (T) Temple (L) Lair (A) Shoals (N) Spider Nest (M) Slime Pits (O) Orcish Mines (E) Elven Halls (V) Vaults (C) Crypt (U) Depths (H) Hell (Z) Zot
Where to? (Enter - D:1 @ (x,y), ? - help)
What level of the Dungeon? (default 1, ? - help)
You flicker back into view.
There is a stone staircase leading up here.
You climb upwards.
There is a stone staircase leading down here.
There is an escape hatch in the ceiling here.
A mysterious force pulls you upwards. The hatch slams shut behind you.
There is an open door, spattered with blood here.
A sixfirhy comes into view.
The sixfirhy stares, then turns away, jangling a coin purse.
There is a stone staircase leading up here.
You see here 2 stones.
You climb upwards.
There is a stone staircase leading down here.
(D) Dungeon (T) Temple (L) Lair (A) Shoals (N) Spider Nest (M) Slime Pits (O) Orcish Mines (E) Elven Halls (V) Vaults (C) Crypt (U) Depths (H) Hell (Z) Zot
Where to? (Enter - D:1 @ (x,y), ? - help)
You see here 2 stones.
The hell beast stares, then turns away, jangling a coin purse.
A hell beast comes into view.
There is a stone staircase leading up here.
You climb upwards.
There is a stone staircase leading down here.
(D) Dungeon (T) Temple (L) Lair (A) Shoals (N) Spider Nest (M) Slime Pits (O) Orcish Mines (E) Elven Halls (V) Vaults (C) Crypt (U) Depths (H) Hell (Z) Zot
Where to? (Enter - D:1 @ (x,y), ? - help)
You see here 8 sling bullets.
Your tentacled monstrosity grins greedily, jangling a coin purse.
A tentacled monstrosity comes into view.
Qepasur stares, then turns away, jangling a coin purse.
Qepasur comes into view.
Qepasur moves out of view.
You see here 8 sling bullets.
Unknown command.
You enter the shallow water.
Moving in this stuff is going to be slow.
Okay, then.
Unknown command.
Okay, then.
Unknown command.
You enter the shallow water.
Moving in this stuff is going to be slow.
You enter the shallow water.
Moving in this stuff is going to be slow.
There is a large open door here.
There is a fountain of clear blue water here.
A Tzitzimitl comes into view.
The Tzitzimitl stares, then turns away, jangling a coin purse.
Unknown command.
Unknown command.
There is a large open door here.
There is a staircase leading out of the dungeon here.
Unknown command.
Unknown command.
You have escaped!

...†.≈≈≈≈≈≈≈≈≈≈≈≈≈≈≈≈≈≈≈≈≈≈≈...#
.....≈≈≈≈≈≈≈≈≈≈≈≈≈≈≈≈≈≈≈≈≈≈≈...#
.#.).≈≈≈#+#+#≈≈≈≈≈≈≈#+#+#≈≈≈...#
.#...≈≈≈+>..##'###'##..(+≈≈≈...#
.#...≈≈≈+...'.......'...+≈≈≈...#
.#...≈≈≈#+###.#####.###+#≈≈≈...#
##..)≈≈≈≈≈'...#...#...#≈≈≈≈....#
#...≈≈≈≈≈#.###...'.⌠.'≈≈≈..⌠..#
#.).≈≈≈≈≈#.###.@X'.⌠.'≈≈≈..⌠..#
#...≈≈≈≈≈'...#...#...#≈≈≈≈....#
#...≈≈≈#+###.#####.#'#+#≈≈≈...#
#...≈≈≈+ #.......#...'≈≈≈...#
#...≈≈≈+ ##'###'##(..1≈≈≈...#
##...&≈≈#+#+#≈≈≈≈≈≈≈#'#'#≈≈≈...#
#....≈≈≈≈≈≈≈≈≈≈≈≈≈≈≈≈≈≈≈≈≈≈≈...#
#....≈≈≈≈≈≈≈≈≈≈≈≈≈≈≈≈≈≈≈≈≈≈≈...#
.....≈≈≈≈≈≈≈≈≈≈≈≈≈≈≈≈≈≈≈≈≈≈≈...#


You could see a friendly tentacled monstrosity.

Vanquished Creatures
  Tiamat (Zot:4)
  An orb of fire (Zot:5)
  6 ancient liches
  A Killer Klown (Zot:4)
  5 caustic shrikes (Depths:5)
  Xtahua (Depths:4)
  8 golden dragons
  2 curse toes
  Nikola (Shoals:4)
  2 bone dragons (Zot:4)
  An electric golem (Zot:5)
  18 tentacled monstrosities
  2 deep elf blademasters (Elf:3)
  10 Orb Guardians (Zot:5)
  2 titans
  10 quicksilver dragons
  3 deep elf master archers (Elf:3)
  3 liches
  An Executioner (D:15)
  11 death cobs
  2 sphinxes
  4 tengu reavers
  16 storm dragons
  Kirke (Shoals:4)
  4 draconian monks
  6 fire giants
  11 shadow dragons
  2 iron dragons
  7 ghost moths
  6 draconian knights
  10 frost giants
  10 vault wardens
  A curse skull (Vaults:2)
  4 draconian scorchers
  Louise (Depths:3)
  10 deep elf sorcerers
  A ghost moth (shapeshifter) (Vaults:5)
  4 deep elf elementalists (Elf:3)
  4 draconian shifters
  5 emperor scorpions
  14 ironheart preservers
  3 draconian stormcallers
  17 very ugly things
  6 entropy weavers
  25 stone giants
  A spriggan defender (Depths:4)
  A war gargoyle (Vaults:5)
  6 draconian annihilators
  8 green draconians
  18 purple draconians
  6 deep elf demonologists
  12 white draconians
  13 black draconians
  5 vampire knights
  4 deep elf annihilators (Elf:3)
  10 red draconians
  11 yellow draconians
  4 spark wasps
  A dire elephant (D:15)
  6 ettins
  8 deep elf death magi
  5 merfolk impalers
  4 eidola
  9 deep elf high priests
  4 merfolk javelineers
  3 jiangshi (Depths:5)
  14 fire dragons
  15 vault guards
  17 ice dragons
  Erolcha (D:9)
  13 great orbs of eyes
  6 yaktaur captains
  5 rakshasas
  6 hydras
  A hell beast (Depths:1)
  A peacekeeper (Elf:1)
  A merfolk avatar (Shoals:2)
  2 spriggan air magi
  38 two-headed ogres
  7 centaur warriors
  3 merfolk aquamancers (Shoals:4)
  A queen ant (Lair:5)
  3 alligator snapping turtles
  2 two-headed ogres (shapeshifter)
  2 satyrs (Shoals:3)
  6 death yaks
  3 death knights
  12 ogre magi
  2 vampire magi
  12 deep troll shamans
  A hell hog (Depths:5)
  12 tengu warriors
  7 deep troll earth magi
  4 spriggan berserkers
  Urug (D:13)
  2 sun demons
  18 deep elf knights
  2 soul eaters (Depths:1)
  4 shadow wraiths (Depths:3)
  2 death drakes
  7 iron trolls
  3 spriggans (Depths:2)
  7 flayed ghosts
  2 spectral anacondas (Depths:3)
  4 hell knights (Depths:3)
  6 skeletal warriors
  A swamp dragon (Zot:4)
  10 sea snakes
  43 deep trolls
  An obsidian statue (Vaults:2)
  3 unseen horrors
  4 wizards
  9 deep elf archers
  5 glowing orange brains
  4 orange crystal statues
  14 orc knights
  A shadow dragon skeleton (Depths:4)
  4 phantasmal warriors
  22 orb spiders
  Pikel (D:8)
  5 necromancers
  9 spiny frogs
  11 ironbrand convokers
  3 mana vipers (Depths:3)
  52 deep elf magi
  2 orb spiders (shapeshifter)
  35 wolf spiders
  12 harpies
  A tengu skeleton (Vaults:4)
  A sphinx zombie (Depths:4)
  7 manticores
  A frost giant zombie (Depths:4)
  14 fauns
  An orc sorcerer (Orc:1)
  A faun (shapeshifter) (Depths:4)
  14 cyclopes
  A salamander (D:15)
  70 ugly things
  18 elephants
  29 moths of wrath
  A rust devil (Depths:1)
  3 water nymphs
  2 ice statues (IceCv)
  7 merfolk sirens
  2 centaur zombies
  3 torpor snails
  4 black mambas
  A smoke demon (Depths:2)
  An eye of devastation (Depths:4)
  11 vault sentinels
  Maggie (D:7)
  Psyche (D:10)
  2 gargoyles
  3 rime drakes
  An efreet (D:15)
  7 komodo dragons
  4 tengu conjurers
  6 demonic crawlers
  29 yaktaurs
  An anaconda simulacrum (Depths:3)
  2 freezing wraiths
  A kobold demonologist (D:13)
  A yaktaur skeleton (Vaults:4)
  9 trolls
  A spectral merfolk (Depths:3)
  A troll (shapeshifter) (Vaults:4)
  6 wind drakes (Shoals:4)
  A red devil (Depths:2)
  A meliai (shapeshifter) (Depths:5)
  27 merfolk
  15 polar bears
  22 blink frogs
  A blink frog (shapeshifter) (Vaults:3)
  25 jumping spiders
  10 hornets
  3 saltlings (Elf:1)
  10 hippogriffs
  Grinder (D:4)
  A dream sheep (shapeshifter) (Vaults:1)
  2 raiju (Depths:3)
  25 slime creatures
  11 snapping turtles
  An iron dragon simulacrum (Depths:4)
  14 dream sheep
  5 air elementals
  2 wyverns
  4 shadows
  Sigmund (D:2)
  68 redbacks
  30 tarantellas
  10 water elementals
  7 wraiths
  A spriggan (shapeshifter) (D:14)
  3 vampires
  58 yaks
  Eustachio (D:4)
  A hungry ghost (D:14)
  4 basilisks
  4 hogs (Shoals:4)
  3 fire elementals
  The ghost of Scuka the Chopper, an amateur DsGl (D:4)
  A basilisk (shapeshifter) (Vaults:3)
  A golden eye (shapeshifter) (Elf:1)
  4 vampire mosquitoes (D:13)
  2 human simulacra (Vaults:1)
  A deep troll zombie (Vaults:4)
  6 wargs
  Menkaure (D:5)
  4 acid dragons
  An acid dragon (shapeshifter) (Depths:1)
  13 water moccasins
  12 hell hounds
  26 soldier ants
  6 porcupines
  3 floating eyes
  2 spectral trolls (Depths:3)
  41 orc warriors
  3 ice beasts
  3 spectral spriggans (Depths:3)
  2 sky beasts
  2 necrophages
  4 black bears
  40 ogres
  2 eyes of draining
  27 centaurs
  A phantom (D:12)
  19 boggarts
  31 wolves
  13 crocodiles
  3 big kobolds
  14 bullfrogs
  A wyvern zombie (D:11)
  Blork the orc (D:5)
  An earth elemental (Elf:2)
  A gnoll sergeant (D:10)
  A water moccasin zombie (D:11)
  9 scorpions
  3 spectral ogres (Depths:3)
  13 killer bees
  2 spectral nagas (Depths:3)
  10 wights
  2 electric eels
  5 spectral centaurs (Depths:3)
  6 crimson imps
  2 howler monkeys
  32 orc wizards
  2 bullfrog zombies
  5 centaur skeletons
  5 hounds
  8 jellies
  2 bullfrog skeletons
  21 orc priests
  4 iguanas
  4 hell rats (Lair:5)
  30 worker ants
  2 hound skeletons
  3 worker ant zombies
  4 gnolls (D:10)
  2 naga simulacra (Depths:3)
  9 adders
  8 shadow imps
  3 oozes
  An adder skeleton (D:4)
  3 worms
  3 dart slugs
  5 leopard geckos
  117 orcs
  2 ball pythons
  3 giant cockroaches
  8 goblins
  9 hobgoblins
  14 jackals
  6 quokkas
  12 bats
  11 frilled lizards
  23 kobolds
  3 quokka zombies
  10 rats
  2 fungi (Depths:3)
  3 plants (Depths:2)
  A tentacle (Shoals:3)
2275 creatures vanquished.

Vanquished Creatures (collateral kills)
  A tentacled monstrosity (Vaults:5)
  2 Orb Guardians (Zot:5)
  A titan (shapeshifter) (Vaults:5)
  A titan (Vaults:5)
  2 shadow dragons (Vaults:5)
  4 storm dragons
  A vault warden (Vaults:5)
  Aizul (Shoals:1)
  An emperor scorpion (Spider:4)
  4 deep elf sorcerers (Elf:3)
  A war gargoyle (Vaults:5)
  An ironheart preserver (Vaults:5)
  A deep elf demonologist (Vaults:5)
  A deep elf annihilator (Vaults:5)
  A deep elf death mage (Elf:3)
  2 ettins (Vaults:5)
  2 vault guards (Vaults:5)
  Harold (D:10)
  A two-headed ogre (Vaults:5)
  Sonja (D:10)
  A deep troll (Vaults:5)
  2 phantasmal warriors (Vaults:5)
  An ironbrand convoker (Vaults:5)
  2 deep elf magi (Vaults:5)
  3 orb spiders
  A wolf spider (Spider:4)
  A faun (Shoals:1)
  A yaktaur (Vaults:5)
  A yaktaur (shapeshifter) (Vaults:5)
  4 jumping spiders
  A hornet (Vaults:5)
  A snapping turtle (shapeshifter) (Vaults:5)
  3 redbacks
  2 wargs (Vaults:5)
  An orc warrior (Vaults:5)
  A sky beast (D:10)
  An ogre (Vaults:5)
  An orc priest (Vaults:5)
58 creatures vanquished.

Vanquished Creatures (others)
  5 ancient liches
  2 Killer Klowns (Zot:5)
  An electric golem (Zot:5)
  A tentacled monstrosity (Zot:5)
  13 Orb Guardians (Zot:5)
  3 titans (Vaults:5)
  A deep elf master archer (Elf:3)
  A sphinx (Vaults:5)
  An eldritch tentacle (Elf:2)
  A tengu reaver (Vaults:5)
  A death cob (Zot:5)
  2 fire giants
  A draconian knight (Zot:2)
  2 deep elf sorcerers (Vaults:5)
  A ghost moth (Zot:5)
  A draconian shifter (Zot:5)
  2 stone giants
  A deep elf demonologist (Vaults:5)
  A purple draconian (Zot:5)
  A yellow draconian (Zot:5)
  A white draconian (Zot:2)
  A black draconian (Zot:5)
  A two-headed ogre (Vaults:5)
  A red draconian (Zot:5)
  3 deep elf death magi
  An ettin (Vaults:5)
  A great orb of eyes (Vaults:5)
  A yaktaur captain (Depths:5)
  A deep elf high priest (Vaults:5)
  10 vault guards (Vaults:5)
  A satyr (Shoals:3)
  A centaur warrior (Depths:1)
  20 dancing weapons
  A deep troll (Vaults:5)
  2 hell hogs (Depths:5)
  A shadow wraith (Vaults:5)
  2 deep elf archers
  2 ironbrand convokers (Vaults:5)
  3 orc knights (Vaults:5)
  A necromancer (Vaults:5)
  2 fauns (Shoals:3)
  4 deep elf magi (Vaults:5)
  2 cyclopes
  A manticore (Shoals:3)
  A wolf spider (Spider:4)
  A moth of wrath (Zot:5)
  A black mamba (Lair:2)
  A freezing wraith (Vaults:5)
  4 yaktaurs (Vaults:4)
  A jumping spider (shapeshifter) (Vaults:5)
  2 redbacks
  A ynoxinul (Zot:5)
  A tarantella (Spider:4)
  A vampire (D:11)
  A human (Shoals:4)
  A black bear (shapeshifter) (Depths:4)
  4 orc warriors
  4 ogres (Vaults:5)
  8 centaurs
  3 orc priests (Vaults:5)
  2 orc wizards
  A worker ant (D:13)
  A ball lightning (Elf:3)
  9 orcs
  4 bushes
  20 fungi
  34 plants
  39 tentacles (Shoals:3)
251 creatures vanquished.

Grand Total: 2584 creatures vanquished

Notes
Turn   | Place    | Note
-------+----------+-------------------------------------------
     0 | D:1      | magipi the Vampire Hunter began the quest for the Orb.
     0 | D:1      | Reached XP level 1. HP: 16/16 MP: 1/1
   107 | D:1      | Reached XP level 2. HP: 22/22 MP: 2/2
   469 | D:1      | Reached XP level 3. HP: 27/27 MP: 3/3
   664 | D:1      | Reached skill level 1 in Shields
   972 | D:2      | Reached skill level 1 in Armour
  1073 | D:2      | Found a sacrificial altar of Ru.
  1370 | D:2      | Reached XP level 4. HP: 33/34 MP: 4/4
  1419 | D:2      | Noticed Sigmund
  1534 | D:2      | Found an opulent altar of Gozag.
  1550 | D:2      | Became a worshipper of Gozag Ym Sagoz the Greedy
  1666 | D:2      | Killed Sigmund
  1666 | D:2      | Reached XP level 5. HP: 32/40 MP: 5/5
  2426 | D:3      | Found a shimmering altar of Xom.
  2914 | D:3      | Reached XP level 6. HP: 35/47 MP: 6/6
  3081 | D:4      | Found a runed translucent gate.
  3082 | D:4      | Found a runed translucent gate.
  3086 | D:4      | Found a runed translucent gate.
  3090 | D:4      | Noticed Scuka's ghost (amateur DsGl)
  3169 | D:4      | Noticed Grinder
  3185 | D:4      | Killed Grinder
  3185 | D:4      | Reached skill level 1 in Maces & Flails
  3204 | D:4      | Reached skill level 1 in Evocations
  3204 | D:4      | Reached XP level 7. HP: 29/52 MP: 7/7
  3580 | D:4      | Noticed Eustachio
  3636 | D:4      | Killed Eustachio
  4128 | D:5      | Entered Level 5 of the Dungeon
  4365 | D:5      | Reached XP level 8. HP: 54/60 MP: 7/9
  4505 | D:5      | Reached skill level 2 in Evocations
  4530 | D:5      | Noticed Menkaure
  4605 | D:5      | Killed Menkaure
  4698 | D:5      | Found a hazy altar of Hepliaklqana.
  4750 | D:5      | Noticed Blork the orc
  4763 | D:5      | Killed Blork the orc
  5210 | D:6      | Reached skill level 5 in Dodging
  5483 | D:6      | Paralysed by an orc for 5 turns
  5549 | D:6      | Found a staircase to the Ecumenical Temple.
  5679 | D:6      | Reached skill level 5 in Throwing
  5744 | D:6      | Reached skill level 3 in Evocations
  5744 | D:6      | Reached XP level 9. HP: 33/66 MP: 5/11
  6137 | D:7      | Noticed Maggie
  6148 | D:7      | Killed Maggie
  7121 | D:8      | Found a white marble altar of Elyvilon.
  7516 | D:8      | Reached skill level 5 in Fighting
  7516 | D:8      | Reached skill level 5 in Maces & Flails
  8630 | D:9      | Noticed Erolcha
  8638 | D:9      | Killed Erolcha
  8638 | D:9      | Reached skill level 4 in Evocations
  8638 | D:9      | Reached XP level 10. HP: 67/74 MP: 9/13
  8734 | D:9      | Noticed a death yak
  8735 | D:9      | Noticed a death yak
  8757 | D:9      | Noticed a death yak
  8846 | D:8      | Killed a death yak
  9000 | D:9      | Reached skill level 5 in Shields
  9030 | D:9      | Killed a death yak
  9056 | D:9      | Killed a death yak
  9280 | D:9      | Noticed Pikel
  9298 | D:8      | Killed Pikel
  9357 | D:9      | Found a staircase to the Lair.
  9807 | D:9      | Found a hide-covered altar of Uskayaw.
 10086 | D:10     | Entered Level 10 of the Dungeon
 10159 | D:10     | Reached XP level 11. HP: 80/81 MP: 14/14
 10197 | D:10     | Found a staircase to the Orcish Mines.
 10210 | D:10     | Reached skill level 5 in Armour
 10264 | D:10     | Noticed an unseen horror
 10287 | D:10     | Killed an unseen horror
 10287 | D:10     | Reached skill level 5 in Evocations
 10333 | D:10     | Noticed Sonja
 10346 | D:10     | Killed Sonja
 10471 | D:10     | Found Haot's Assorted Antiques.
 10476 | D:10     | Noticed Harold
 10511 | D:10     | Killed Harold
 10594 | D:10     | Bought a glowing kite shield for 150 gold pieces
 10607 | D:10     | Bought a potion of curing for 60 gold pieces
 10607 | D:10     | Bought a potion of heal wounds for 100 gold pieces
 10780 | D:10     | Noticed Psyche
 10788 | D:10     | Killed Psyche
 11126 | D:10     | Noticed a lindwurm
 11742 | D:11     | Noticed a two-headed ogre
 11765 | D:11     | Killed a two-headed ogre
 12629 | Lair:1   | Entered Level 1 of the Lair of Beasts
 12903 | Lair:1   | Reached XP level 12. HP: 66/89 MP: 12/16
 12993 | Lair:1   | Found the +5 demon whip "Spellbinder" {antimagic, MR+}
 13805 | Lair:2   | Reached skill level 6 in Evocations
 14089 | Lair:2   | Found a blossoming altar of Fedhas.
 14505 | Lair:3   | Noticed a seven-headed hydra
 14519 | Lair:3   | Killed a seven-headed hydra
 14711 | Lair:3   | Found a frozen archway.
 14761 | IceCv    | Entered an ice cave
 16006 | IceCv    | Noticed a frost giant
 16041 | IceCv    | Killed a frost giant
 16124 | IceCv    | Reached XP level 13. HP: 74/97 MP: 6/18
 16198 | IceCv    | Identified the +2 hat "Koloil" {Str+3 Int-5 Dex+3} (You
                  | found it in an ice cave)
 17144 | Lair:4   | Found a staircase to the Shoals.
 17190 | Lair:4   | Reached skill level 7 in Evocations
 17260 | Lair:4   | Found a hole to the Spider Nest.
 17551 | Lair:4   | Identified the ring "Reloiny" {Wiz rN++} (You found it on
                  | level 4 of the Lair of Beasts)
 17766 | Lair:4   | Identified the +2 plate armour "Evenico" {-Tele MR+ Slay+2}
                  | (You found it on level 4 of the Lair of Beasts)
 17767 | Lair:4   | Identified a scroll of acquirement
 17771 | Lair:4   | Identified the amulet "Gioparit" {RegenMP *Drain rC+ Int-5
                  | Dex+4} (You acquired it on level 4 of the Lair of Beasts)
 17771 | Lair:4   | Identified the +3 helmet of Freedom {+Fly rElec rPois
                  | Int-3} (You acquired it on level 4 of the Lair of Beasts)
 18216 | Lair:5   | Found a runed translucent door.
 18219 | Lair:5   | Noticed Ezab's ghost (journeyman MiFi)
 18221 | Lair:5   | Identified the cursed +0 spear of True Grit {speed, MR++
                  | MP+9 Dex-4}
 18221 | Lair:5   | Identified the ring of Dawn {AC+3 Str+4}
 18722 | Lair:5   | Found a staircase to the Slime Pits.
 18885 | Lair:6   | Entered Level 6 of the Lair of Beasts
 19059 | Lair:6   | Reached skill level 10 in Maces & Flails
 19331 | Lair:6   | Noticed an entropy weaver
 19735 | Lair:5   | Reached skill level 10 in Dodging
 20271 | Lair:6   | Noticed an entropy weaver
 20302 | Lair:6   | Reached XP level 14. HP: 74/106 MP: 17/19
 20738 | Lair:6   | Killed an entropy weaver
 20789 | Lair:6   | Killed an entropy weaver
 21041 | Lair:6   | Reached skill level 8 in Evocations
 22302 | D:10     | Bought a wand of iceblast (10) for 168 gold pieces
 22305 | D:10     | Bought an uncursed ring of protection from magic for 450
                  | gold pieces
 22314 | Orc:1    | Entered Level 1 of the Orcish Mines
 22587 | Orc:2    | Entered Level 2 of the Orcish Mines
 23673 | Orc:2    | Found Ibeufoes's Assorted Antiques.
 23673 | Orc:2    | Found Beckemoq's Food Shoppe.
 23675 | Orc:2    | Found Roorapp's Jewellery Emporium.
 23677 | Orc:2    | Found Ciytalath's Antique Weapon Boutique.
 23687 | Orc:2    | Bought a cursed ring of attention for 49 gold pieces
 23729 | Orc:2    | Bought a runed demon trident for 342 gold pieces
 23729 | Orc:2    | Bought a scroll of acquirement for 988 gold pieces
 23729 | Orc:2    | Bought a scroll of identify for 38 gold pieces
 23729 | Orc:2    | Bought a potion of curing for 57 gold pieces
 23994 | Orc:2    | Found a staircase to the Elven Halls.
 24290 | Orc:2    | Found a bloodstained altar of Trog.
 24560 | Orc:1    | Reached skill level 1 in Polearms
 24766 | Orc:2    | Identified the +2 cloak of the Kangaroo {rC+ rN+ MR- Dex+3}
                  | (You acquired it on level 2 of the Orcish Mines)
 25025 | D:4      | Killed Scuka's ghost
 25486 | D:12     | Found a blossoming altar of Fedhas.
 25501 | D:12     | Found a runed translucent door.
 25506 | D:12     | Noticed Hyefig's ghost (journeyman DDFi)
 26125 | D:13     | Noticed Urug
 26156 | D:13     | Killed Urug
 26156 | D:13     | Reached XP level 15. HP: 94/113 MP: 17/21
 26517 | D:12     | Reached skill level 9 in Evocations
 26933 | D:13     | Found a gate to the Vaults.
 27458 | D:13     | Reached skill level 5 in Polearms
 29183 | D:15     | Entered Level 15 of the Dungeon
 29340 | D:15     | Reached skill level 10 in Throwing
 29542 | D:15     | Reached skill level 10 in Evocations
 30132 | D:15     | Found a staircase to the Depths.
 30488 | D:15     | Found a snail-covered altar of Cheibriados.
 30504 | D:15     | Found Waterchih's Book Emporium.
 30624 | D:15     | Upgraded the game from 0.25-a0-663-gace7076f2c to
                  | 0.25-a0-665-ga69d64035b
 30847 | Spider:1 | Entered Level 1 of the Spider Nest
 30902 | Spider:1 | Reached XP level 16. HP: 109/120 MP: 18/23
 31872 | Spider:1 | Reached skill level 10 in Polearms
 35960 | Shoals:1 | Entered Level 1 of the Shoals
 36023 | Shoals:1 | Noticed Aizul
 36056 | Shoals:1 | Killed Aizul
 37530 | Shoals:2 | Reached XP level 17. HP: 125/125 MP: 21/24
 37596 | Shoals:3 | Found Pozi's Antique Weapon Boutique.
 37599 | Shoals:3 | Found an iron altar of Okawaru.
 37685 | Shoals:3 | Found Afraekut's Book Emporium.
 37976 | Shoals:3 | Found Pozuat's Assorted Antiques.
 38022 | Shoals:3 | Bought a diamond ring for 130 gold pieces
 38022 | Shoals:3 | Bought a box of beasts for 520 gold pieces
 38071 | Shoals:3 | Found a radiant altar of Vehumet.
 38201 | Shoals:3 | Found Urelie's Mass Market.
 38213 | Shoals:3 | Noticed a kraken
 38230 | Shoals:3 | Noticed a kraken
 38250 | Shoals:3 | Noticed a kraken
 38275 | Shoals:3 | Noticed a kraken
 38556 | Shoals:3 | Found Rezogov's Antique Weapon Boutique.
 38739 | Shoals:4 | Entered Level 4 of the Shoals
 38761 | Shoals:4 | Noticed Kirke
 38845 | Shoals:4 | Killed Kirke
 39500 | Shoals:3 | Found Rezogov's Antique Weapon Boutique.
 39514 | Shoals:3 | Found Pozi's Antique Weapon Boutique.
 39561 | Shoals:3 | Found Pozuat's Assorted Antiques.
 39635 | Shoals:3 | Found a radiant altar of Vehumet.
 39792 | Shoals:3 | Found an iron altar of Okawaru.
 39802 | Shoals:3 | Found Afraekut's Book Emporium.
 39889 | Shoals:4 | Noticed Nikola
 39932 | Shoals:4 | Killed Nikola
 41086 | Shoals:4 | Learned a level 1 spell: Apportation
 41089 | Shoals:4 | Learned a level 2 spell: Blink
 41277 | Shoals:4 | Got a barnacled rune of Zot
 41536 | Shoals:4 | Identified the cursed +1 scythe "Grim Tooth" {vorpal, +Fly
                  | rF- rC+ Str+4 Dex+6}
 41672 | Shoals:4 | Reached skill level 10 in Fighting
 41904 | Spider:4 | Entered Level 4 of the Spider Nest
 41935 | Spider:4 | Reached skill level 1 in Spellcasting
 41968 | Spider:4 | Reached skill level 1 in Translocations
 43223 | Spider:4 | Reached XP level 18. HP: 98/134 MP: 16/26
 43396 | Spider:4 | Reached skill level 11 in Evocations
 44250 | Spider:3 | Reached skill level 10 in Shields
 45349 | Spider:4 | Got a gossamer rune of Zot
 45675 | Elf:1    | Entered Level 1 of the Elven Halls
 45788 | Elf:1    | Found a radiant altar of Vehumet.
 47099 | Elf:1    | Found Agheah's General Store.
 47114 | Elf:1    | Bought a scroll of acquirement for 936 gold pieces
 47125 | Elf:1    | Identified the amulet of the Equinox {RegenMP *Drain rF+++
                  | rN+++ Slay-3} (You acquired it on level 1 of the Elven
                  | Halls)
 47342 | Elf:1    | Upgraded the game from 0.25-a0-665-ga69d64035b to
                  | 0.25-a0-667-gb977e01cb5
 47675 | Elf:2    | Found Maenuwup's Distillery.
 47736 | Elf:2    | Reached skill level 10 in Armour
 47748 | Elf:2    | Bought a potion of curing for 48 gold pieces
 47748 | Elf:2    | Bought a potion of curing for 48 gold pieces
 47748 | Elf:2    | Bought a potion of haste for 160 gold pieces
 47748 | Elf:2    | Bought a potion of invisibility for 128 gold pieces
 47877 | Elf:3    | Entered Level 3 of the Elven Halls
 48568 | Elf:2    | Reached skill level 5 in Spellcasting
 48884 | Elf:3    | Reached XP level 19. HP: 137/143 MP: 24/27
 49433 | Elf:2    | Identified the amulet "Osmaof" {Harm *Drain +Blink MR+}
                  | (You acquired it on level 2 of the Elven Halls)
 49857 | Elf:3    | Reached skill level 5 in Translocations
 50077 | Elf:3    | Reached skill level 12 in Evocations
 50198 | Elf:3    | Identified the +7 short sword of Sysac {vorpal, Str+2}
 50198 | Elf:3    | Identified the ring of Xom's Entertainment {MP+9 Str+4
                  | Int+3 Slay-6}
 50477 | Elf:3    | Found the +8 glaive of the Guard {elec, +Rage AC+5 SInv}
 50563 | Elf:3    | Found the +12 glaive of Prune {vorpal}
 50606 | Elf:3    | Identified a +0 pair of boots of running (You found it on
                  | level 3 of the Elven Halls)
 50737 | Elf:3    | Identified the +3 fustibalus "Siymaeb" {flame, rElec} (You
                  | found it on level 3 of the Elven Halls)
 51210 | Elf:3    | Noticed a Tzitzimitl
 51752 | Elf:1    | Upgraded the game from 0.25-a0-667-gb977e01cb5 to
                  | 0.25-a0-668-gea548f19b6
 51882 | Vaults:1 | Entered Level 1 of the Vaults
 51968 | Vaults:1 | Found Uqaoffo's Gadget Shop.
 51977 | Vaults:1 | Bought a wand of clouds (5) for 378 gold pieces
 51977 | Vaults:1 | Bought a wand of enslavement (11) for 182 gold pieces
 51977 | Vaults:1 | Bought a wand of iceblast (3) for 98 gold pieces
 51977 | Vaults:1 | Bought a wand of paralysis (10) for 168 gold pieces
 51977 | Vaults:1 | Bought a sack of spiders for 280 gold pieces
 51977 | Vaults:1 | Bought a wand of acid (8) for 336 gold pieces
 51977 | Vaults:1 | Bought a wand of iceblast (8) for 168 gold pieces
 51977 | Vaults:1 | Bought a wand of acid (13) for 476 gold pieces
 51977 | Vaults:1 | Bought a wand of enslavement (7) for 126 gold pieces
 53134 | Vaults:1 | Reached XP level 20. HP: 150/153 MP: 20/29
 54745 | Vaults:2 | Found a staircase to the Crypt.
 57243 | Vaults:2 | Found a staircase to the Crypt.
 59415 | Vaults:3 | Found Rogo's Assorted Antiques.
 59443 | Vaults:3 | Bought 2 potions of curing for 252 gold pieces
 59443 | Vaults:3 | Bought a potion of haste for 420 gold pieces
 59443 | Vaults:3 | Bought a potion of curing for 126 gold pieces
 59896 | Vaults:3 | Identified the Collected Works on Feathers and Snow
 60093 | Vaults:3 | Reached XP level 21. HP: 129/129 MP: 30/30
 60945 | Vaults:4 | Identified the Compendium of Feathery Stones
 61990 | Vaults:5 | Entered Level 5 of the Vaults
 62094 | Vaults:5 | Identified the ring of the Rabble {+Fly Int+5}
 62251 | Vaults:5 | Noticed an ancient lich
 62251 | Vaults:5 | Noticed a golden dragon
 62264 | Vaults:5 | Killed an ancient lich
 62267 | Vaults:5 | Killed a golden dragon
 62267 | Vaults:5 | Reached skill level 15 in Armour
 62811 | Vaults:5 | Identified the +9 war axe of Bonuf {freeze, Dex+6 Stlth+}
 62913 | Vaults:5 | Identified the Almanac of the Gastropod
 62921 | Vaults:5 | Identified the ring of Lamnonirgh {rCorr Dex+2} (You found
                  | it on level 5 of the Vaults)
 62923 | Vaults:5 | Identified the ring of Vuzosoel {Ice rPois MR- Dex+2} (You
                  | found it on level 5 of the Vaults)
 62925 | Vaults:5 | Got a silver rune of Zot
 63113 | Vaults:5 | Identified the Grimoire of Enhancements and Changing
 63291 | Vaults:5 | Reached XP level 22. HP: 131/138 MP: 31/31
 65069 | Depths:1 | Entered Level 1 of the Depths
 65605 | Depths:1 | Found a gateway to Hell.
 65639 | Depths:1 | Found a one-way gate leading to the halls of Pandemonium.
 66434 | Depths:3 | Reached skill level 15 in Fighting
 66740 | Depths:2 | Reached skill level 15 in Shields
 67581 | Depths:2 | Identified the +9 hunting sling "Weyreodu" {freeze, Str+3}
 67581 | Depths:2 | Identified the +7 chain mail of the Catfish {*Slow +Inv
                  | rPois}
 68596 | Depths:2 | Reached skill level 15 in Throwing
 69042 | Depths:4 | Found a one-way gate to the infinite horrors of the Abyss.
 69042 | Depths:4 | Noticed Louise
 69073 | Depths:3 | Killed Louise
 69153 | Depths:3 | Reached XP level 23. HP: 144/144 MP: 29/32
 69811 | Depths:3 | Noticed an ancient lich
 69831 | Depths:3 | Killed an ancient lich
 70421 | Depths:3 | Identified the +5 chain mail of Terror {-Cast Regen+ Str-5
                  | Int+9} (You found it on level 3 of the Depths)
 70476 | Depths:3 | Reached skill level 5 in Necromancy
 70476 | Depths:3 | Reached XP level 24. HP: 150/150 MP: 32/32
 71228 | Depths:4 | Found a gateway to a ziggurat.
 71584 | Depths:4 | Found a burning altar of Makhleb.
 71585 | Depths:4 | Found the +10 dark maul {vorpal}
 73014 | Depths:4 | Noticed Xtahua
 73029 | Depths:4 | Killed Xtahua
 73383 | Depths:4 | Bought a pair of heavily runed gloves for 427 gold pieces
 73383 | Depths:4 | Bought an embroidered cloak for 337 gold pieces
 73384 | Depths:4 | Identified the cursed +0 pair of gloves of Fun {+Inv Int+2
                  | Slay+2} (You bought it in a shop on level 4 of the Depths)
 73421 | Depths:4 | Bought the +0 mask of the Dragon {MR+ Slay+3 SInv} for 1503
                  | gold pieces
 73421 | Depths:4 | Found the +0 mask of the Dragon {MR+ Slay+3 SInv}
 74098 | D:10     | Bought the amulet "Seah Xoq" {rF+ Regen+ Int-2 Dex+6} for
                  | 943 gold pieces
 74111 | D:10     | Bought a scroll of enchant armour for 112 gold pieces
 74111 | D:10     | Bought a scroll of fog for 30 gold pieces
 74111 | D:10     | Bought 2 scrolls of identify for 60 gold pieces
 74111 | D:10     | Bought a scroll of teleportation for 45 gold pieces
 74320 | Shoals:3 | Bought a scroll of enchant armour for 195 gold pieces
 74341 | Shoals:3 | Found Urelie's Mass Market.
 76166 | Depths:5 | Entered Level 5 of the Depths
 76293 | Depths:5 | Reached skill level 13 in Evocations
 76630 | Depths:5 | Identified the Volume of Shifting Bewitchment
 76799 | Depths:5 | Found a gate to the Realm of Zot.
 76867 | Depths:5 | Reached XP level 25. HP: 114/159 MP: 18/33
 77912 | Zot:1    | Entered Level 1 of the Realm of Zot
 77930 | Zot:1    | Found a burning altar of Makhleb.
 77949 | Zot:1    | Found Ycve's Changing Room.
 78433 | Zot:1    | Reached skill level 14 in Evocations
 79655 | Zot:2    | Gained mutation: Your magical capacity is low. (-10% MP)
                  | [mutagenic glow]
 80044 | Zot:2    | Reached XP level 26. HP: 167/167 MP: 25/33
 80331 | Zot:2    | Reached skill level 10 in Spellcasting
 81184 | Zot:3    | Reached skill level 15 in Evocations
 81213 | Zot:3    | Reached skill level 10 in Translocations
 82249 | Zot:4    | Reached skill level 16 in Evocations
 82648 | Zot:4    | Reached skill level 17 in Evocations
 83491 | Zot:4    | Reached skill level 18 in Evocations
 83578 | Zot:4    | Identified the +7 trident of Bodily Humours {pain, rPois
                  | rC- Str+3}
 83578 | Zot:4    | Identified the +4 dragonskin cloak
 83578 | Zot:4    | Noticed Tiamat
 83646 | Zot:4    | Killed Tiamat
 83646 | Zot:4    | Reached XP level 27. HP: 88/173 MP: 30/33
 84368 | Zot:5    | Entered Level 5 of the Realm of Zot
 84948 | Zot:5    | Noticed an ancient lich
 84953 | Zot:5    | Noticed an ancient lich
 84953 | Zot:5    | Noticed an ancient lich
 84954 | Zot:5    | Noticed an orb of fire
 84954 | Zot:5    | Noticed an ancient lich
 84999 | Zot:5    | Killed an ancient lich
 85116 | Zot:5    | Killed an ancient lich
 85120 | Zot:5    | Killed an ancient lich
 85294 | Zot:5    | Killed an ancient lich
 85294 | Zot:5    | Reached skill level 19 in Evocations
 85369 | Zot:5    | Gained mutation: You have a pair of small horns on your
                  | head. [an orb of fire]
 85371 | Zot:5    | Gained mutation: Your spells are a little easier to cast,
                  | but a little less powerful. [an orb of fire]
 85391 | Zot:5    | Killed an orb of fire
 85696 | Zot:5    | Noticed an orb of fire
 85705 | Zot:5    | Killed an ancient lich
 85728 | Zot:5    | Noticed an ancient lich
 85744 | Zot:5    | Killed an ancient lich
 85745 | Zot:5    | Noticed an orb of fire
 85864 | Zot:5    | Noticed an ancient lich
 85870 | Zot:5    | Noticed an ancient lich
 85870 | Zot:5    | Noticed an ancient lich
 85871 | Zot:5    | Killed an ancient lich
 85873 | Zot:5    | Gained mutation: You are frail. (-10% HP) [an orb of fire]
 85880 | Zot:5    | Killed an ancient lich
 85882 | Zot:5    | Killed an ancient lich
 86273 | Zot:5    | Lost mutation: Your magical capacity is low. (-10% MP)
                  | [potion of mutation]
 86273 | Zot:5    | Lost mutation: You have a pair of small horns on your head.
                  | [potion of mutation]
 86273 | Zot:5    | Lost mutation: Your spells are a little easier to cast, but
                  | a little less powerful. [potion of mutation]
 86273 | Zot:5    | Lost mutation: You are frail. (-10% HP) [potion of
                  | mutation]
 86273 | Zot:5    | Gained mutation: You are clumsy. (Dex -2) [potion of
                  | mutation]
 86273 | Zot:5    | Gained mutation: Your flesh is heat resistant. (rF+)
                  | [potion of mutation]
 86301 | Zot:5    | Got the Orb of Zot
 86577 | D:15     | Gained mutation: Your body sometimes deteriorates upon
                  | taking damage. [a neqoxec]
 86876 | D:1      | Noticed Qepasur the pandemonium lord
 86945 | D:$      | Escaped with the Orb!

Levels and vault maps discovered:
D:1:      dpeg_arrival_castle, layout_loops_ring, minmay_misc_feat_rugged,
          minmay_3d_cube
D:2:      layout_basic, nicolae_overflow_hidden_temple, grunt_gozag_breadcrumbs,
          minmay_misc_feat_five, uniq_sigmund
D:3:      layout_basic, lemuel_round_altar, first_ration, lemuel_old_faithful
D:4:      layout_loops_ring, gammafunk_ghost_split, uniq_grinder, uniq_eustachio
D:5:      layout_loops_ring, lemuel_coloured_pillars_altar, uniq_blork_the_orc,
          uniq_menkaure
D:6:      layout_cave_pools, minmay_temple_entry_grid, serial_park_tiny_pond
D:7:      layout_basic, uniq_maggie
D:8:      layout_basic, kennysheep_little_box
D:9:      layout_basic, marbit_many_paths, dpeg_lair_monsters, grunt_pizzeria,
          uniq_pikel, uniq_erolcha
D:10:     lemuel_flame_loot_2, layout_irregular_city, orc_0_dummy, serial_shops,
          nicolae_shop_temple_entry_statues_fountains, uniq_harold, uniq_sonja,
          uniq_psyche
D:11:     layout_roguey
D:12:     hangedman_cross_stitches, layout_rooms, ebering_ghost_inner_flame,
          hangedman_decor_slide_cut, fedhas_bush_and_centaur_altar
D:13:     layout_rooms, skrybe_vaults_entry_preservation, lemuel_flamethrower_2,
          uniq_urug
D:14:     layout_big_octagon, solitary_fountain, dk_noncrumbling_4,
          grunt_ministairs_12
D:15:     hangedman_depths_entry_try_elsewhere_first, layout_gridville,
          serial_shops, shop, basic_altar, chequers_serial_rivers_large_a,
          nicolae_benzene_ring
Lair:1:   layout_loops_ring, minivault_11, grunt_megastairs_3,
          minmay_lair_oklob_chamber
Lair:2:   layout_cave_shapes, basic_altar
Lair:3:   layout_concentric_octagons, portal_ice_cave_rime,
          eino_small_chamber_without_monster, minivault_25
Lair:4:   layout_long_grid, minmay_shoals_entry_hut,
          spider_nest_entry_web_field, serial_bayou_lagoon_a
Lair:5:   layout_long_grid, minmay_slime_entry_pillars, serial_forest,
          infiniplex_forest_lined_2, infiniplex_forest_clump_double,
          infiniplex_forest_corner_1, infiniplex_forest_straight_2,
          infiniplex_forest_zigzag_2, ebering_ghost_funeral_grove,
          eino_small_chamber_without_monster
Lair:6:   evil_forest, layout_regular_city, fungi_pond_lemuel, minivault_29
Shoals:1: layout_shoals, uniq_aizul
Shoals:2: layout_shoals, yaktaur_hedge
Shoals:3: layout_shoals, serial_shops, shop, nicolae_shop_statue_plus, shop,
          shop_coins, abandoned_shop, nicolae_shoals_circle_sea_wall,
          minmay_shop_mass, abandoned_shop, hangedman_feature_mirror,
          nicolae_shoals_seven_spires, nicolae_shoals_kraken_party
Shoals:4: shoals_end_grunt_ice, layout_shoals, hangedman_shoals_cup_caves,
          uniq_nikola, uniq_kirke
Spider:1: layout_spider_delve
Spider:2: layout_spider_delve
Spider:3: layout_chambers
Spider:4: grunt_spider_rune_circles
Orc:1:    layout_caves
Orc:2:    st_orc_rangers, layout_caves, trog_book
Elf:1:    eino_elf_arrival_altar, layout_loops_corners, serial_shops, shop,
          portal_desolation_entry_salt, hangedman_elven_crosses_minicolossus,
          palyth_stone_intersect
Elf:2:    layout_geoelf_octagon, serial_shops, shop
Elf:3:    nooodl_elf_gasket, layout_onion_city
Vaults:1: v_pattern_1, v_misc_31, ontoclasm_vaults_gallery,
          nicolae_vaults_asterisk, v_misc_29, hangedman_vaults_maws,
          ontoclasm_vaults_claustrophobia, v_misc_1, ontoclasm_vaults_chip,
          nicolae_vaults_gold_heap, nicolae_vaults_little_squares_4,
          ontoclasm_vaults_pinch, nicolae_vaults_little_squares_3,
          vaults_room_large_hall, layout_vaults_omnicross, serial_shops, shop
Vaults:2: minmay_crypt_entry_simple_plaza, nicolae_vaults_specimen_jars,
          nicolae_vaults_puzzle_piece, nicolae_vaults_statue_guard,
          vaults_dpeg_spiral, vaults_room_pools, v_misc_10,
          layout_vaults_chaotic_city
Vaults:3: v_misc_30, vaults_room_pools, v_misc_24, v_misc_14,
          grunt_vaults_trifunnel, nicolae_vaults_minivaults,
          ontoclasm_vaults_idyll, vaults_standard_mumra_x,
          vaults_mumra_minichess_inversion, v_misc_24, layout_vaults_quadrants,
          serial_shops, nicolae_shop_overgrown_old_shop
Vaults:4: st_smaller_cells, nicolae_vaults_inception_scallops,
          ontoclasm_vaults_fault, ontoclasm_vaults_spin, vaults_room_grid,
          v_misc_12, vaults_dpeg_cross, vaults_room_large_hall,
          vaults_room_semicircle, vaults_room_hallway,
          nicolae_vaults_big_angled_halls, v_misc_16,
          nicolae_vaults_little_squares_5, v_misc_30, layout_vaults_maze_bifur
Vaults:5: serial_shops
Depths:1: layout_roguey, minmay_misc_feat_pillars, serial_co_window_serial,
          co_window_of_opportunity_a, co_window_corner_a, co_window_corner_a,
          co_window_paths_a, co_window_corner_a, co_window_of_opportunity_b,
          co_window_unsneaky_path_b, co_window_broadway_b,
          co_window_of_opportunity_b, co_window_paths_e, glass_columns_b,
          glass_columns_b, glass_columns_b, rand_demon_pan_entry_1, hell_entry,
          minmay_misc_feat_room, minivault_16
Depths:2: kennysheep_funnel, layout_gridlike, hellmouth_1, pan_entry,
          minmay_misc_feat_cross, eino_small_chamber_without_monster,
          horrible_house_mu, infiniplex_staircase_split_hallway
Depths:3: lemuel_river_lethe, pan_entry, hell_entry
Depths:4: hangedman_cross_cluster, layout_basic, enter_ziggurat_d, hell_entry,
          hangedman_decor_points, nicolae_abyss_entry_one_way_or_another,
          uniq_xtahua
Depths:5: grunt_x_marks_the_spot, layout_basic, grunt_hell_horde, pan_entry,
          minmay_crystal_room, minmay_misc_feat_tower, bh_walls_and_bars
Zot:1:    kennysheep_blocky_room, layout_cathedral_of_symmetry, basic_altar,
          nicolae_transmutations_shop
Zot:2:    layout_onion_interference
Zot:3:    layout_concentric_octagons
Zot:4:    layout_onion, st_grand_hoard_of_tiamat, grunt_megastairs_4
Zot:5:    layout_basic, st_stairs_12

Skill      XL: |  1  2  3  4  5  6  7  8  9 10 11 12 13 14 15 16 17 18 19 20 21 22 23 24 25 26 27 |
---------------+----------------------------------------------------------------------------------+-----
Fighting       | 2 3 4 5 6 7 8 9 10 11 12 13 14 15 16 17 18 | 18.0
Shields        | 1 2 3 4 5 6 7 8 9 10 12 13 14 15 | 15.0
Armour         | 1 2 3 4 5 6 7 8 9 10 12 13 15 16 | 16.2
Dodging        | 3 4 5 6 7 8 9 10 11 12 13 14 | 14.4
Throwing       | 4 5 6 7 8 9 10 11 12 15 16 | 16.0
Maces & Flails | 1 2 4 5 6 8 9 10 11 | 11.1
Evocations     | 1 3 4 5 6 7 8 10 11 12 13 14 18 19 | 19.0
Polearms       | 3 8 13 14 | 14.0
Spellcasting   | 2 5 6 9 10 | 10.0
Translocations | 1 4 6 9 10 | 10.0
Necromancy     | 5 |  5.1
Stealth        | |  1.5

Action                   |  1- 3 |  4- 6 |  7- 9 | 10-12 | 13-15 | 16-18 | 19-21 | 22-24 | 25-27 || total
-------------------------+-------+-------+-------+-------+-------+-------+-------+-------+-------++-------
Melee: Spear             |   139 |       |       |       |       |       |       |       |       ||   139
       Bite              |    17 |    16 |    40 |   122 |   458 |   351 |   420 |   371 |   321 ||  2116
       Trident           |    37 |   139 |    17 |    17 |       |       |       |       |       ||   210
       Whip              |       |     5 |   475 |   971 |  1821 |       |       |       |       ||  3272
       Demon whip        |       |       |       |   123 |    65 |     8 |    62 |       |       ||   258
       Demon trident     |       |       |       |       |  1433 |  3675 |  3052 |  2538 |  1791 || 12489
       Headbutt          |       |       |       |       |       |       |       |       |    37 ||    37
Throw: Dart              |       |     3 |    26 |    34 |     2 |    82 |       |       |       ||   147
       Javelin           |       |     1 |     4 |    41 |    24 |    61 |   161 |    98 |   110 ||   500
       Throwing net      |       |       |       |     1 |     1 |     1 |       |       |     2 ||     5
       Boomerang         |       |       |       |     1 |       |       |       |       |       ||     1
 Cast: Blink             |       |       |       |       |       |       |       |     1 |    11 ||    12
       Apportation       |       |       |       |       |       |       |       |     4 |     4 ||     8
Invok: Potion Petition   |       |     1 |       |     1 |     1 |     4 |     1 |       |     1 ||     9
       Call Merchant     |       |       |       |       |     3 |       |       |     2 |       ||     5
       Bribe Branch      |       |       |       |       |       |       |     1 |       |     2 ||     3
 Abil: Evoke Flight      |       |       |       |       |       |     4 |       |    10 |       ||    14
       Exsanguinate      |       |       |       |       |       |       |     1 |       |       ||     1
       Stop Flying       |       |       |       |       |       |       |       |     7 |       ||     7
       Evoke Invisibilit |       |       |       |       |       |       |       |       |     8 ||     8
Evoke: Wand              |       |     2 |    10 |     9 |    34 |    74 |    11 |    11 |    28 ||   179
       Sack of spiders   |       |       |       |     5 |     3 |     1 |       |       |       ||     9
       Fan of gales      |       |       |       |     1 |       |       |       |       |       ||     1
       Box of beasts     |       |       |       |       |       |     1 |       |       |     2 ||     3
  Use: Scroll            |       |       |    23 |     5 |    15 |    12 |    14 |    11 |     7 ||    87
       Potion            |       |       |       |     4 |     4 |    14 |     2 |     2 |     5 ||    31
 Stab: Sleeping          |       |     3 |       |     7 |       |     1 |    12 |    13 |       ||    36
       Distracted        |       |       |     3 |    10 |    14 |    15 |    21 |    21 |    23 ||   107
       Paralysed         |       |       |     6 |       |    19 |    26 |     2 |     5 |    19 ||    77
       Invisible         |       |       |       |     2 |       |     7 |       |       |    37 ||    46
       Petrified         |       |       |       |     3 |       |       |       |       |       ||     3
       Held in net/web   |       |       |       |     1 |       |     5 |       |       |     2 ||     8
       Confused          |       |       |       |     1 |       |       |       |       |       ||     1
       Petrifying        |       |       |       |     1 |       |       |       |       |       ||     1
Armor: Leather armour    |    28 |       |       |       |       |       |       |       |       ||    28
       Chain mail        |    26 |    70 |   155 |       |       |       |       |       |       ||   251
       Swamp dragon scal |       |       |    22 |   261 |   670 |   834 |   312 |   287 |       ||  2386
       Storm dragon scal |       |       |       |       |       |       |       |    58 |   399 ||   457
Dodge: Dodged            |    44 |    34 |    90 |   488 |  1079 |  1498 |   530 |   618 |   520 ||  4901
Block: Kite shield       |    81 |    72 |   250 |   483 |  2118 |  2318 |  1102 |  1082 |   587 ||  8093
       Reflection        |       |       |       |       |   106 |   128 |    86 |    20 |       ||   340

Table legend:
 A = Non-vault XP
 B = Vault XP
 C = Vault XP percentage of total XP
 D = Non-vault monster count
 E = Vault monster count
 F = Vault count percentage of total count
                 A         B        C        D         E       F
            +---------+---------+-------+---------+---------+-------
      Total |  844329 |  621186 |  42.4 |    1636 |     755 |  31.6
            +---------+---------+-------+---------+---------+-------
        D:1 |      62 |       1 |   1.6 |      34 |       1 |   2.9
        D:2 |      49 |     220 |  81.8 |      20 |       1 |   4.8
        D:3 |      51 |       0 |   0.0 |      20 |       0 |   0.0
        D:4 |     425 |     854 |  66.8 |      24 |       7 |  22.6
        D:5 |     796 |     260 |  24.6 |      31 |       2 |   6.1
        D:6 |     740 |       0 |   0.0 |      23 |       0 |   0.0
        D:7 |     675 |     409 |  37.7 |      15 |       1 |   6.2
        D:8 |    1089 |    1497 |  57.9 |      22 |       2 |   8.3
        D:9 |    1177 |    2985 |  71.7 |      21 |       8 |  27.6
       D:10 |    4033 |    1330 |  24.8 |      44 |       3 |   6.4
       D:11 |    5027 |       0 |   0.0 |      67 |       0 |   0.0
       D:12 |    3288 |    2056 |  38.5 |      21 |      12 |  36.4
       D:13 |   15647 |    5089 |  24.5 |      48 |       9 |  15.8
       D:14 |   12775 |     432 |   3.3 |      35 |       2 |   5.4
       D:15 |   13222 |    3342 |  20.2 |      26 |       4 |  13.3
     Lair:1 |    1964 |     565 |  22.3 |      13 |       3 |  18.8
     Lair:2 |    3206 |       0 |   0.0 |      16 |       0 |   0.0
     Lair:3 |    3916 |     766 |  16.4 |      17 |       2 |  10.5
     Lair:4 |    7444 |     521 |   6.5 |      30 |       2 |   6.2
     Lair:5 |    6797 |    1354 |  16.6 |      29 |       6 |  17.1
     Lair:6 |   17437 |   10854 |  38.4 |      54 |      51 |  48.6
   Shoals:1 |    8326 |    1516 |  15.4 |      20 |       1 |   4.8
   Shoals:2 |   12290 |     355 |   2.8 |      25 |       1 |   3.8
   Shoals:3 |   13889 |    8281 |  37.4 |      34 |       8 |  19.0
   Shoals:4 |    9408 |   26766 |  74.0 |      21 |      48 |  69.6
   Spider:1 |   15226 |       0 |   0.0 |      42 |       0 |   0.0
   Spider:2 |   14969 |       0 |   0.0 |      40 |       0 |   0.0
   Spider:3 |   13760 |    3317 |  19.4 |      42 |       2 |   4.5
   Spider:4 |   19089 |   20396 |  51.7 |      48 |      39 |  44.8
      Orc:1 |    1715 |     129 |   7.0 |      24 |       1 |   4.0
      Orc:2 |    2768 |    6104 |  68.8 |      49 |      38 |  43.7
      Elf:1 |   19054 |   16931 |  47.1 |      31 |      27 |  46.6
      Elf:2 |   13321 |     913 |   6.4 |      18 |       1 |   5.3
      Elf:3 |   12473 |   63344 |  83.5 |      21 |      43 |  67.2
   Vaults:1 |   34822 |   15759 |  31.2 |      67 |      29 |  30.2
   Vaults:2 |   33945 |   11237 |  24.9 |      47 |      11 |  19.0
   Vaults:3 |   20714 |   28029 |  57.5 |      39 |      36 |  48.0
   Vaults:4 |   45618 |   19586 |  30.0 |      70 |      23 |  24.7
   Vaults:5 |    9522 |   53630 |  84.9 |      26 |      53 |  67.1
   Depths:1 |   22849 |    4541 |  16.6 |      30 |       6 |  16.7
   Depths:2 |   68585 |    8601 |  11.1 |      81 |      13 |  13.8
   Depths:3 |   14549 |   55600 |  79.3 |      16 |     101 |  86.3
   Depths:4 |   28664 |   41535 |  59.2 |      34 |      29 |  46.0
   Depths:5 |   59397 |   27342 |  31.5 |      39 |      26 |  40.0
      Zot:1 |   52665 |   13672 |  20.6 |      35 |       8 |  18.6
      Zot:2 |   70332 |       0 |   0.0 |      46 |       0 |   0.0
      Zot:3 |   48983 |       0 |   0.0 |      31 |       0 |   0.0
      Zot:4 |   59926 |   71722 |  54.5 |      38 |      33 |  46.5
      Zot:5 |   17650 |   79982 |  81.9 |      12 |      26 |  68.4
      IceCv |       0 |    9363 | 100.0 |       0 |      36 | 100.0
            +---------+---------+-------+---------+---------+-------

Action                   |  1- 3 |  4- 6 |  7- 9 | 10-12 | 13-15 | 16-18 | 19-21 | 22-24 | 25-27 || total
-------------------------+-------+-------+-------+-------+-------+-------+-------+-------+-------++-------
Melee: Spear             |   139 |       |       |       |       |       |       |       |       ||   139
       Bite              |    17 |    16 |    40 |   122 |   458 |   351 |   420 |   371 |   321 ||  2116
       Trident           |    37 |   139 |    17 |    17 |       |       |       |       |       ||   210
       Whip              |       |     5 |   475 |   971 |  1821 |       |       |       |       ||  3272
       Demon whip        |       |       |       |   123 |    65 |     8 |    62 |       |       ||   258
       Demon trident     |       |       |       |       |  1433 |  3675 |  3052 |  2538 |  1791 || 12489
       Headbutt          |       |       |       |       |       |       |       |       |    37 ||    37
Throw: Dart              |       |     3 |    26 |    34 |     2 |    82 |       |       |       ||   147
       Javelin           |       |     1 |     4 |    41 |    24 |    61 |   161 |    98 |   110 ||   500
       Throwing net      |       |       |       |     1 |     1 |     1 |       |       |     2 ||     5
       Boomerang         |       |       |       |     1 |       |       |       |       |       ||     1
 Cast: Blink             |       |       |       |       |       |       |       |     1 |    11 ||    12
       Apportation       |       |       |       |       |       |       |       |     4 |     4 ||     8
Invok: Potion Petition   |       |     1 |       |     1 |     1 |     4 |     1 |       |     1 ||     9
       Call Merchant     |       |       |       |       |     3 |       |       |     2 |       ||     5
       Bribe Branch      |       |       |       |       |       |       |     1 |       |     2 ||     3
 Abil: Evoke Flight      |       |       |       |       |       |     4 |       |    10 |       ||    14
       Exsanguinate      |       |       |       |       |       |       |     1 |       |       ||     1
       Stop Flying       |       |       |       |       |       |       |       |     7 |       ||     7
       Evoke Invisibilit |       |       |       |       |       |       |       |       |     8 ||     8
Evoke: Wand              |       |     2 |    10 |     9 |    34 |    74 |    11 |    11 |    28 ||   179
       Sack of spiders   |       |       |       |     5 |     3 |     1 |       |       |       ||     9
       Fan of gales      |       |       |       |     1 |       |       |       |       |       ||     1
       Box of beasts     |       |       |       |       |       |     1 |       |       |     2 ||     3
  Use: Scroll            |       |       |    23 |     5 |    15 |    12 |    14 |    11 |     7 ||    87
       Potion            |       |       |       |     4 |     4 |    14 |     2 |     2 |     5 ||    31
 Stab: Sleeping          |       |     3 |       |     7 |       |     1 |    12 |    13 |       ||    36
       Distracted        |       |       |     3 |    10 |    14 |    15 |    21 |    21 |    23 ||   107
       Paralysed         |       |       |     6 |       |    19 |    26 |     2 |     5 |    19 ||    77
       Invisible         |       |       |       |     2 |       |     7 |       |       |    37 ||    46
       Petrified         |       |       |       |     3 |       |       |       |       |       ||     3
       Held in net/web   |       |       |       |     1 |       |     5 |       |       |     2 ||     8
       Confused          |       |       |       |     1 |       |       |       |       |       ||     1
       Petrifying        |       |       |       |     1 |       |       |       |       |       ||     1
Armor: Leather armour    |    28 |       |       |       |       |       |       |       |       ||    28
       Chain mail        |    26 |    70 |   155 |       |       |       |       |       |       ||   251
       Swamp dragon scal |       |       |    22 |   261 |   670 |   834 |   312 |   287 |       ||  2386
       Storm dragon scal |       |       |       |       |       |       |       |    58 |   399 ||   457
Dodge: Dodged            |    44 |    34 |    90 |   488 |  1079 |  1498 |   530 |   618 |   520 ||  4901
Block: Kite shield       |    81 |    72 |   250 |   483 |  2118 |  2318 |  1102 |  1082 |   587 ||  8093
       Reflection        |       |       |       |       |   106 |   128 |    86 |    20 |       ||   340
